[Event "Early-Titled-Tuesday-Blitz-February-13-2024"]
[Site "Chess.com"]
[Date "2024.02.13"]
[Round "3"]
[White "Durarbayli"]
[Black "faraone99"]
[Result "1-0"]
[WhiteElo "2928"]
[BlackElo "2532"]
[TimeControl "180+1"]
[EndTime "8:32:37 PST"]
[Termination "Durarbayli won by resignation"]

1. c4 e6 2. e4 d5 3. exd5 exd5 4. d4 Nf6 5. Nc3 Bb4 6. Bd3 O-O 7. Ne2 Nc6 8. O-O Re8 9. Bg5 dxc4 10. Bxc4 Be7 11.
Re1 h6 12. Bh4 Bf5 13. Qb3 Na5 14. Bxf7+ Kf8 15. Qb5 Bd7 16. Qxa5 Kxf7 17. Bxf6 Bxf6 18. Nf4 c6 19. Qh5+ Kg8 20. d5 Bxc3 21. bxc3 Qf6 22. Qf3 Rf8 23. Re4 cxd5 24. Rd4 Bc6 25. Qg3 Rae8 26.
h3 Re5 27. Rad1 Rg5 28. Qe3 Rf5 29. g3 g5 30. Nd3 Re8 31. Qd2 Re4 32. Re1 Rxd4 33.
cxd4 Qxd4 34. Qe2 Qe4 35. Qd2 Qd4 36. Qe2 Qe4 37. Qd1 Qf3 38. Qxf3 Rxf3 39. Rd1 Kg7 40. Rd2 Rf7 41. Ne5 Re7 42. f4 gxf4 43. gxf4 Kf6 44. Kf2 Kf5 45. Ke3 Rg7 46. Kf3 d4+ 47. Nxc6 bxc6 48.
Rxd4 Rb7 49. Rc4 Rb6 50. Rc5+ Kf6 51. a4 Ra6 52. a5 Ke6 53. Ke4 Kd6 54. Kd4 Kd7 55. h4 Ke7 56. f5 Kf6 57. Ke4 Ke7 58.
Ke5 Kd7 59. f6 1-0

[Event "Early-Titled-Tuesday-Blitz-February-13-2024"]
[Site "Chess.com"]
[Date "2024.02.13"]
[Round "3"]
[White "Maitreia"]
[Black "pooh2012"]
[Result "0-1"]
[WhiteElo "2767"]
[BlackElo "2571"]
[TimeControl "180+1"]
[EndTime "8:32:38 PST"]
[Termination "pooh2012 won on time"]

1. c4 d5 2. cxd5 Nf6 3. Nc3 Nxd5 4. Nxd5 Qxd5 5. Nf3 g6 6. g3 Bg7 7. Bg2 Qd6 8. O-O O-O 9. d3 c6 10. Bf4 Qb4 11.
Rb1 a5 12. a3 Qb5 13. b4 axb4 14. Rxb4 Qa5 15. Re4 Qxa3 16. Be5 Bf5 17. Bxg7 Kxg7 18. Rh4 h5 19. Nd4 Bg4 20. h3 g5 21. Rxg4 hxg4 22. Nf5+ Kf6 23. hxg4 e6 24. Ne3 Nd7 25. Qb1 Rfb8 26. Nc4 Qc5 27. Qb2+ Ke7 28. Rc1 Qa7 29. Qb4+ Qc5 30. Qd2 Ra4 31. Nb2 Qa5 32. Qc2 Ra2 33. Qb3 Qa3 34. Qxa3+ Rxa3 35. Nc4 Ra2 36. Bf3 b5 37.
Ne3 c5 38. Kg2 Kd6 39. Rh1 Ne5 40. Rh5 f6 41. Rh7 b4 42. Rh6 b3 43. Rxf6 b2 44.
Nf5+ Kd7 45. Ng7 b1=Q 46. Nxe6 Nxf3 0-1

[Event "Early-Titled-Tuesday-Blitz-February-13-2024"]
[Site "Chess.com"]
[Date "2024.02.13"]
[Round "3"]
[White "kibromNNN"]
[Black "Blitzking642"]
[Result "1-0"]
[WhiteElo "1788"]
[BlackElo "2524"]
[TimeControl "180+1"]
[EndTime "8:32:39 PST"]
[Termination "kibromNNN won by resignation"]

1. d4 Nf6 2. c4 g6 3. Nc3 Bg7 4. e4 d6 5. Be2 O-O 6. Nf3 Nbd7 7. Bg5 h6 8. Be3 e5 9. d5 Nc5 10. Nd2 a5 11. b3 Nh7 12. O-O f5 13. f3 f4 14. Bf2 g5 15. a3 b6 16. b4 axb4 17.
axb4 Rxa1 18. Qxa1 Nd7 19. Nb3 h5 20. c5 bxc5 21. bxc5 Nhf6 22. cxd6 cxd6 23. Qa3 Ne8 24. Nb5 Ndf6 25. Rc1 g4 26. Rc6 g3 27. hxg3 fxg3 28. Bxg3 Bd7 29. Ra6 Bc8 30. Ra7 Bh6 31. Bf2 Nh7 32. Qa5 Qg5 33. Nc7 Bh3 34. Bf1 Nef6 35.
Ne6 Bxe6 36. dxe6 h4 37. e7 Re8 38. Ra8 h3 39. Rxe8+ Nxe8 40. Qd8 Qg6 41. g3 Ng5 42.
Nd2 Qf7 43. Bc4 Ne6 44. Bxe6 Qxe6 45. Qxe8+ Kg7 46. Qf8+ 1-0

[Event "Early-Titled-Tuesday-Blitz-February-13-2024"]
[Site "Chess.com"]
[Date "2024.02.13"]
[Round "3"]
[White "SantoBlue"]
[Black "jakopogi"]
[Result "1-0"]
[WhiteElo "2964"]
[BlackElo "2732"]
[TimeControl "180+1"]
[EndTime "8:32:40 PST"]
[Termination "SantoBlue won by checkmate"]

1. e4 e5 2. Nf3 Nc6 3. Bb5 a6 4. Ba4 d6 5. c3 Bd7 6. d4 Nf6 7.
O-O b5 8. Bb3 h6 9. Re1 g5 10.
Be3 Bg7 11. dxe5 Nxe5 12. Nxe5 dxe5 13. Bc5 Bf8 14. Bxf8 Kxf8 15. Nd2 Kg7 16. Nf1 Be6 17. Qf3 Qe7 18. Ne3 Rhd8 19. h3 Qc5 20. Bc2 Rd2 21. Rad1 Rad8 22. Bb3 Rxd1 23. Rxd1 Rxd1+ 24. Qxd1 Qd6 25. Qc2 Nd7 26. Bxe6 fxe6 27. b4 c5 28. a3 c4 29. a4 Nb6 30. axb5 axb5 31. Kf1 Nd7 32. Ke2 Nf6 33. g3 Qc6 34. f3 Qa6 35. Qd2 Qa1 36. Nd1 Qa6 37. Nf2 Qa1 38. Nd1 Qa6 39. Ke1 Qa7 40.
Kf1 Kg6 41. Kg2 Qa1 42. Nf2 Qb1 43. Qd6 Qc2 44. Qxe5 Kf7 45. h4 gxh4 46. gxh4 Ne8 47. Qxb5 Qxc3 48. Ng4 h5 49. Qxh5+ Ke7 50. Qc5+ Kd8 51.
Qb6+ Ke7 52. Qc5+ Kd8 53. Ne5 Qd2+ 54. Kh3 c3 55. Nc6+ Kd7 56. b5 c2 57. Qe7+ Kc8 58. Qxe8+ Kc7 59. Qb8+ Kd7 60. Qd8# 1-0

[Event "Early-Titled-Tuesday-Blitz-February-13-2024"]
[Site "Chess.com"]
[Date "2024.02.13"]
[Round "3"]
[White "baki83"]
[Black "RaugintaBulba"]
[Result "1-0"]
[WhiteElo "2846"]
[BlackElo "2421"]
[TimeControl "180+1"]
[EndTime "8:32:40 PST"]
[Termination "baki83 won on time"]

1. e4 b6 2. d4 Bb7 3. Bd3 e6 4. Qe2 c5 5. c3 cxd4 6. cxd4 Nf6 7. Nc3 Be7 8. Nf3 O-O 9. O-O Nc6 10. a3 d6 11. Rd1 a6 12. Bf4 b5 13. h3 b4 14.
axb4 Nxb4 15. Bb1 a5 16. Ra3 Qc7 17. Bh2 Ba6 18. Qd2 Nd7 19. e5 d5 20. Na4 Bb5 21. Bf4 Rfc8 22. Ng5 h6 23. Nh7 Bxa4 24. Rxa4 Nb6 25.
Ra1 Nc4 26. Qe2 g6 27. Rc1 Kxh7 28. b3 Qa7 29. bxc4 Qxd4 30. Be3 Qxe5 31. Qd2 Bd6 32. g3 Rxc4 33. Rxc4 dxc4 34. Bd4 Qd5 35. Qe3 Rc8 36.
Be4 Qg5 37. Qf3 Qe7 38. Rxa5 e5 39. Bc3 Qc7 40. Rb5 Nc6 41. Bxc6 Qxc6 42. Qxf7+ Kh8 43.
Rb7 Rc7 44. Rb8+ Rc8 45. Qf6+ Kh7 46. Rxc8 Qxc8 47. Qxd6 Qf5 48. Qxe5 Qb1+ 49. Kg2 Qe4+ 50. Qxe4 1-0

[Event "Early-Titled-Tuesday-Blitz-February-13-2024"]
[Site "Chess.com"]
[Date "2024.02.13"]
[Round "3"]
[White "Cosi43"]
[Black "Juicy_Fork"]
[Result "1-0"]
[WhiteElo "2633"]
[BlackElo "2445"]
[TimeControl "180+1"]
[EndTime "8:32:43 PST"]
[Termination "Cosi43 won on time"]

1. d4 Nf6 2. Nf3 g6 3. c4 Bg7 4.
Nc3 O-O 5. Bg5 c5 6. d5 d6 7.
h3 e6 8. e3 exd5 9. cxd5 h6 10. Bh4 a6 11. a4 Bf5 12. Nd2 g5 13. Bg3 Re8 14. Nc4 Ne4 15. Nxe4 Rxe4 16. Nxd6 Bxb2 17. Nxf5 Qf6 18. Bd3 Bc3+ 19. Ke2 Qxf5 20. Rc1 Bb2 21. Rb1 Bg7 22. Qc2 Rxe3+ 23. fxe3 Qxd5 24. Be4 Qe6 25. Bxb7 Nc6 26. Bxc6 Qxc6 27. Kf2 Re8 28. Rhe1 c4 29.
Kg1 c3 30. e4 Bd4+ 31. Bf2 Be5 32. Rbd1 Rc8 33. Bd4 Bb8 34. Rd3 Qc7 35. Rxc3 Qh2+ 36.
Kf1 Qh1+ 37. Bg1 Re8 38. Rc8 Ba7 39. Rxe8+ Kg7 40. Qc3+ Kg6 41. Qf3 Qxg1+ 42. Ke2 Qh2 43. Re7 f6 44. Qf5+ Kh5 45. Qg4+ Kg6 46. Qf5+ Kh5 47.
Qf3+ Kg6 48. Rf1 Qe5 49. Qxf6+ Qxf6 50. Rxf6+ Kxf6 51. Rxa7 1-0

[Event "Early-Titled-Tuesday-Blitz-February-13-2024"]
[Site "Chess.com"]
[Date "2024.02.13"]
[Round "3"]
[White "shrek4life02"]
[Black "yosephtaher"]
[Result "0-1"]
[WhiteElo "2692"]
[BlackElo "2921"]
[TimeControl "180+1"]
[EndTime "8:32:44 PST"]
[Termination "yosephtaher won by checkmate"]

1. e4 c5 2. Nf3 g6 3. d4 cxd4 4. Nxd4 Bg7 5. c4 Nc6 6. Be3 Nf6 7. Nc3 O-O 8. Nc2 a5 9. Be2 a4 10. O-O Qa5 11. Rb1 d6 12. f3 Be6 13. Nd5 Nd7 14.
Na3 Rfc8 15. Nb5 Bxd5 16. exd5 Nb4 17. Qd2 Nxa2 18. Qxa5 Rxa5 19. Ra1 Nb4 20. Bd2 Rxb5 21. cxb5 Nxd5 22. Rxa4 Bxb2 23. Rb1 Rc2 24. Bh6 N7b6 25.
Bd1 Nxa4 26. Bxc2 Bd4+ 27. Kh1 Nc5 28. Be4 Nxe4 29. fxe4 Nc3 30. Ra1 f6 31. Ra8+ Kf7 32.
Rb8 Nxb5 33. Rxb7 Nc3 34. Rb4 Bc5 35. Rc4 Nd1 36. h4 Nf2+ 37. Kh2 Ng4+ 38. Kh3 Nxh6 39. g4 Ke6 40. Ra4 Nf7 41. Ra8 h6 42. Rg8 g5 43. h5 d5 44. exd5+ Kxd5 45. Rg7 Ke6 46.
Kg3 Bd6+ 47. Kh3 f5 48. Rg6+ Ke5 49. Rg7 fxg4+ 50. Kxg4 Ke6 51. Rg6+ Kd5 52. Rg7 Ne5+ 53. Kf5 e6+ 54. Kf6 g4 55. Rg8 Bc7 56. Kg7 Nf3 57.
Kxh6 Bf4+ 58. Kg7 g3 59. h6 g2 60. Kf6 Bg5+ 61. Kf7 g1=Q 62. h7 Qa7+ 63. Kg6 Ne5+ 64. Kxg5 Qxh7 65. Ra8 Qg7+ 66. Kh4 Qg4# 0-1

[Event "Early-Titled-Tuesday-Blitz-February-13-2024"]
[Site "Chess.com"]
[Date "2024.02.13"]
[Round "3"]
[White "Bauman_Guy"]
[Black "Lady_Nika"]
[Result "1-0"]
[WhiteElo "2884"]
[BlackElo "2605"]
[TimeControl "180+1"]
[EndTime "8:32:44 PST"]
[Termination "Bauman_Guy won on time"]

1. e4 e6 2. d4 d5 3. Nc3 Nf6 4.
Bg5 Be7 5. e5 Nfd7 6. Bxe7 Qxe7 7. f4 a6 8. Nf3 c5 9. Ne2 cxd4 10.
Nexd4 Nc6 11. Qd2 Nc5 12. Bd3 Qc7 13. h4 b5 14. h5 Bb7 15. h6 g6 16. Qe3 Nxd4 17.
Nxd4 Qa5+ 18. c3 b4 19. O-O bxc3 20. bxc3 Rc8 21. Rab1 O-O 22. Bc2 Ba8 23. f5 exf5 24. Nxf5 Rc7 25. Nd4 Ne4 26. Bxe4 dxe4 27. Qf4 f5 28.
Ne6 Rxc3 29. Nxf8 Qxa2 30. Rb8 Rc2 31. Rxa8 Rxg2+ 32. Kh1 Rg4 33. Qh2 Qd5 34. Nxg6+ Kf7 35. Nf4 Qxa8 36. Qh5+ Ke7 37. Qxf5 e3+ 38. Kh2 Rh4+ 39.
Kg3 Rxh6 40. Qg5+ Kd7 41. Qxh6 Qg8+ 42. Kf3 e2 43. Nxe2 Qb3+ 44. Kf2 Qf7+ 45. Qf6 1-0

[Event "Early-Titled-Tuesday-Blitz-February-13-2024"]
[Site "Chess.com"]
[Date "2024.02.13"]
[Round "3"]
[White "ejam94"]
[Black "Kobalia"]
[Result "0-1"]
[WhiteElo "2507"]
[BlackElo "2802"]
[TimeControl "180+1"]
[EndTime "8:32:45 PST"]
[Termination "Kobalia won on time"]

1. e4 d6 2. d4 g6 3. Nf3 Bg7 4. Nc3 Nd7 5. Bc4 e6 6. O-O a6 7. a4 Ne7 8. Bf4 O-O 9. Qd2 e5 10. dxe5 Nxe5 11. Nxe5 dxe5 12. Qxd8 Rxd8 13. Bg5 Re8 14. Rad1 Kf8 15. Bxe7+ Rxe7 16. Rd8+ Re8 17. Rxe8+ Kxe8 18. Nd5 Kd8 19. Rd1 Bd7 20. Nc3 c6 21.
Bxf7 Kc7 22. Bc4 Bf8 23. Ne2 Bc5 24. Kf1 Rf8 25. f3 g5 26. Ng3 g4 27. Ke2 gxf3+ 28. gxf3 Rf6 29. c3 Rh6 30. Rh1 Bh3 31. Nf5 Rg6 32.
Ng3 h5 33. b4 Ba7 34. Bf7 Rg5 35. Bxh5 Kd6 36. Rd1+ Ke7 37. Bg4 Bxg4 38. fxg4 Rxg4 39.
Rh1 Ke6 40. Rf1 Rh4 41. Rh1 Bb6 42. a5 Bd8 43. Kf3 Bg5 44. Kg2 Bf4 45. Rd1 Bxg3 46.
hxg3 Rxe4 47. Kf3 Rc4 48. Rc1 Kf5 49. Ke3 Rg4 50. Rf1+ Ke6 51. Rf3 e4 52. Rf4 Rxg3+ 53. Kd4 Rd3+ 54. Kc4 Ke5 55. Rf7 Rd6 56. Re7+ Kf4 57.
Rxb7 e3 58. Re7 Kf3 59. Kc5 Rf6 60. c4 e2 61. b5 cxb5 62. cxb5 Rf5+ 63. Kb6 axb5 64.
a6 b4 65. a7 Rf8 66. Rf7+ Rxf7 67. a8=Q+ Kf2 68. Qe8 Rf6+ 69. Kb5 e1=Q 0-1

[Event "Early-Titled-Tuesday-Blitz-February-13-2024"]
[Site "Chess.com"]
[Date "2024.02.13"]
[Round "3"]
[White "GlavkonVVS"]
[Black "Rozhkov_V"]
[Result "1-0"]
[WhiteElo "2607"]
[BlackElo "2383"]
[TimeControl "180+1"]
[EndTime "8:32:45 PST"]
[Termination "GlavkonVVS won on time"]

1. c4 e5 2. Nc3 Nf6 3. g3 d5 4. cxd5 Nxd5 5. Bg2 Nb6 6. Nf3 Nc6 7. O-O Be7 8. e3 O-O 9. d4 exd4 10. Nxd4 Nxd4 11. exd4 c6 12. a4 Be6 13. a5 Nd5 14. a6 b6 15. Re1 Rc8 16. Rxe6 fxe6 17. Bh3 Rf6 18. Ne4 Rg6 19. f4 c5 20. f5 exf5 21. Bxf5 cxd4 22. Qxd4 Bc5 23. Nxc5 Rxc5 24. Bxg6 hxg6 25. b4 Rc2 26. Bb2 Qd7 27. Rd1 Qf7 28. Qxd5 Qxd5 29. Rxd5 Rxb2 30. b5 Kh7 31. h4 Kg8 32. Kf1 Kf7 33. Rd7+ Kf6 34.
Rxa7 Rxb5 35. Rb7 Kf5 36. Rxg7 Ra5 37. a7 b5 38. Ke2 b4 39. Kd3 Kf6 40. Rb7 Kf5 41.
Rb5+ Rxb5 42. a8=Q b3 43. Qf8+ Kg4 44. Qf4+ Kh3 45.
Qf1+ Kg4 46. Kc3 Rb6 47. Qe2+ Kxg3 48. Qe3+ 1-0

[Event "Early-Titled-Tuesday-Blitz-February-13-2024"]
[Site "Chess.com"]
[Date "2024.02.13"]
[Round "3"]
[White "Adar_07"]
[Black "artooon"]
[Result "1-0"]
[WhiteElo "2787"]
[BlackElo "3022"]
[TimeControl "180+1"]
[EndTime "8:32:46 PST"]
[Termination "Adar_07 won by resignation"]

1. e4 e5 2. Nf3 Nc6 3. Bb5 a6 4. Ba4 Nf6 5. O-O Bc5 6. c3 O-O 7. d4 Ba7 8. dxe5 Nxe4 9. Bc2 d5 10. exd6 Nxd6 11. Bf4 Bf5 12. Bxf5 Nxf5 13. Qxd8 Raxd8 14. Bxc7 Rd7 15. Bf4 Nce7 16. Nbd2 Ng6 17. Bg3 h5 18. Rad1 Rfd8 19. Rfe1 f6 20. Re4 h4 21. Bf4 Rd3 22. Kf1 Kf7 23. h3 Nf8 24. Rde1 g5 25. Bxg5 fxg5 26.
Ne5+ Kg7 27. Nxd3 Rxd3 28. Nf3 Kf6 29. Re8 Bc5 30. Ke2 Rd7 31. Rd1 Rxd1 32. Kxd1 Ne6 33. Nd2 Kf7 34. Rb8 b5 35. Ne4 Be7 36. Ra8 Nf4 37.
Rxa6 Nxg2 38. Ra5 g4 39. hxg4 Nd6 40. Nxd6+ Bxd6 41. Rxb5 Nf4 42. Rb7+ Kg6 43. Rb6 h3 44. Rxd6+ Kg7 45. Kc2 Ne2 46. Rd1 h2 47. Rh1 Kg6 48. Rxh2 Nf4 49. Rh5 Ng2 50. Rf5 Ne1+ 51. Kd2 Nd3 52. Kxd3 1-0

[Event "Early-Titled-Tuesday-Blitz-February-13-2024"]
[Site "Chess.com"]
[Date "2024.02.13"]
[Round "3"]
[White "ilushka"]
[Black "krasavetc"]
[Result "1-0"]
[WhiteElo "2458"]
[BlackElo "2616"]
[TimeControl "180+1"]
[EndTime "8:32:47 PST"]
[Termination "ilushka won by checkmate"]

1. Nf3 Nf6 2. g3 g6 3. b3 Bg7 4. Bb2 O-O 5. Bg2 c5 6. c4 Nc6 7. O-O b6 8. d4 cxd4 9. Nxd4 Bb7 10. Nc3 a6 11. Rc1 Rc8 12. Qd2 d6 13. Rfd1 Qd7 14.
Nd5 Nxd5 15. Bxd5 Ne5 16. f4 Ng4 17. h3 Nf6 18. Bxb7 Qxb7 19. Nf3 b5 20. cxb5 Ne4 21. bxa6 Qxa6 22. Qd3 Rxc1 23. Bxc1 Qb7 24. Kg2 Rc8 25. Be3 Nc3 26. Rc1 Nxa2 27. Rxc8+ Qxc8 28. Qc4 Qb7 29. Bd2 h6 30. Qa4 Nc3 31. Qe8+ Kh7 32. Bxc3 Bxc3 33.
Qxf7+ Bg7 34. f5 gxf5 35. Qxf5+ Kg8 36. Qe6+ Kh7 37. e4 Kh8 38. h4 Qa7 39. Kh3 Qb7 40. Qf7 Qd7+ 41. Kh2 Qc8 42. h5 e6 43.
Nh4 d5 44. exd5 exd5 45. Nf5 Qc2+ 46. Kh3 Qb2 47. b4 d4 48. Qxg7# 1-0

[Event "Early-Titled-Tuesday-Blitz-February-13-2024"]
[Site "Chess.com"]
[Date "2024.02.13"]
[Round "3"]
[White "Jaka_Brilej"]
[Black "Vaathi_Coming"]
[Result "1-0"]
[WhiteElo "2542"]
[BlackElo "2890"]
[TimeControl "180+1"]
[EndTime "8:32:48 PST"]
[Termination "Jaka_Brilej won on time"]

1. e4 e5 2. Nf3 Nc6 3. Bc4 Bc5 4. d3 d6 5. Nc3 h6 6. Na4 Nf6 7. Nxc5 dxc5 8. a3 Qe7 9. h3 Be6 10. Bb5 Bd7 11. Be3 b6 12. Bc4 g5 13. Nd2 Be6 14. c3 Bxc4 15. Nxc4 O-O-O 16. Qe2 Rd7 17. O-O-O Qe6 18.
h4 g4 19. Nd2 Nh5 20. Nf1 Nf4 21. Bxf4 exf4 22. g3 f3 23. Qc2 Rhd8 24. Ne3 Ne5 25. Nd5 c6 26. Nf4 Qa2 27. Rhe1 Qa1+ 28. Qb1 Nxd3+ 29.
Rxd3 Qxb1+ 30. Kxb1 Rxd3 31. Nxd3 Rxd3 32. Kc2 Rd6 33. e5 Re6 34. Re4 h5 35. Kd3 Kd7 36. Ke3 f6 37. Kf4 fxe5+ 38. Kg5 Rd6 39. Kxh5 Rd2 40.
Kxg4 Rxf2 41. Rxe5 c4 42. h5 Kd6 43. Re4 b5 44. h6 Rh2 45. Kg5 f2 46. Rf4 Ke5 47.
Kg6 a5 48. h7 c5 49. Kg7 b4 50. h8=Q Rxh8 51. Kxh8 1-0

[Event "Early-Titled-Tuesday-Blitz-February-13-2024"]
[Site "Chess.com"]
[Date "2024.02.13"]
[Round "3"]
[White "NikitaShnadrygin"]
[Black "chess_blitz00"]
[Result "0-1"]
[WhiteElo "2623"]
[BlackElo "2465"]
[TimeControl "180+1"]
[EndTime "8:32:48 PST"]
[Termination "chess_blitz00 won by resignation"]

1. e4 d6 2. d4 Nf6 3. Nc3 e5 4. f3 Nc6 5. Nge2 g6 6. Be3 Bg7 7. Qd2 O-O 8. O-O-O Nh5 9. dxe5 dxe5 10. Nd5 Be6 11. g4 Nf6 12. Ng3 Nd4 13. Bg2 Nxd5 14. exd5 Qxd5 15. b3 Qd6 16. Kb1 Nb5 17. Ne4 Qa6 18. Nc5 Qa3 19. Ne4 Rad8 20. Qc1 Qxc1+ 21. Kxc1 f5 22. Nc5 Bc8 23. h3 b6 24. Nd3 Nc3 25. Rde1 f4 26. Bd2 e4 27. fxe4 Nxa2+ 28. Kb1 Nc3+ 29. Bxc3 Bxc3 30. Ref1 Ba6 31. Rf3 Bxd3 32. Rxd3 Rxd3 33. cxd3 f3 34. Bf1 Bd4 35. Kc2 c5 36. Kd2 a5 37. h4 Kg7 38. Rh3 f2 39. Ke2 Rf4 40. Rg3 h6 41. Bh3 Kf6 42. Rf3 Ke5 43. Rg3 g5 44. h5 b5 45.
Bf1 a4 46. bxa4 bxa4 47. Rh3 a3 48. Rh1 a2 49. Bg2 a1=Q 0-1

[Event "Early-Titled-Tuesday-Blitz-February-13-2024"]
[Site "Chess.com"]
[Date "2024.02.13"]
[Round "3"]
[White "wannabe2700"]
[Black "Tolyanius"]
[Result "0-1"]
[WhiteElo "2666"]
[BlackElo "2500"]
[TimeControl "180+1"]
[EndTime "8:32:49 PST"]
[Termination "Tolyanius won by resignation"]

1. b3 c5 2. Bb2 Nc6 3. e3 e5 4.
c4 g6 5. g3 d5 6. cxd5 Qxd5 7. Nf3 Bg4 8. Be2 O-O-O 9. Nc3 Qd7 10.
O-O f5 11. Na4 Bd6 12. Rc1 Qe7 13. d4 e4 14. Nd2 Bxe2 15. Qxe2 cxd4 16. Bxd4 Nf6 17.
Bxa7 h5 18. Qa6 bxa6 19. Rxc6+ Kb7 20. Rxd6 Rxd6 21. Bc5 Rc8 22. Nc4 Rxc5 23. Nxc5+ Kc6 24. Nxd6 Qxd6 25. b4 Qd2 26. Nxa6 Kb5 27. Nc5 Kxb4 28. Nb3 Qxa2 29. Nd4 Ng4 30. h3 Ne5 31. Kg2 Nf3 32. Rd1 h4 33. Nxf3 exf3+ 34. Kxf3 hxg3 35. Kxg3 Qe2 36.
Rd6 Qh5 37. f3 Kc5 38. Rd4 g5 39. Ra4 f4+ 40. exf4 Qh4+ 41. Kg2 gxf4 42. Ra3 Qg3+ 43. Kf1 Qxh3+ 44. Kf2 Qh2+ 45. Kf1 Kd4 46. Ra4+ Kc3 47. Ra3+ Kb2 48. Rd3 Qc2 49. Rd8 Kc1 50. Kg1 Qc5+ 51. Kf1 Qb5+ 52. Kg2 Qb6 53. Rd3 Qg6+ 54. Kh3 Qxd3 55.
Kg4 Qe3 0-1

[Event "Early-Titled-Tuesday-Blitz-February-13-2024"]
[Site "Chess.com"]
[Date "2024.02.13"]
[Round "3"]
[White "BelaKis"]
[Black "EvgenyBurmakin"]
[Result "1/2-1/2"]
[WhiteElo "2197"]
[BlackElo "2414"]
[TimeControl "180+1"]
[EndTime "8:32:49 PST"]
[Termination "Game drawn by repetition"]

1. d4 Nf6 2. c4 g6 3. Nc3 Bg7 4.
e4 d6 5. h3 O-O 6. Bg5 h6 7.
Be3 e5 8. d5 a5 9. Qd2 Kh7 10.
g4 Nbd7 11. Nge2 Nc5 12. Ng3 Nfd7 13. h4 Nb6 14. h5 g5 15. f3 Bd7 16. Be2 a4 17. Kf2 Qe7 18. Rab1 Bf6 19. Qc2 Rfc8 20. b4 axb3 21. axb3 c6 22. b4 Nca4 23. Nxa4 Nxa4 24. dxc6 bxc6 25. Ra1 c5 26. b5 Nb6 27. Qb2 Be6 28.
Qc3 Qb7 29. Rhd1 Be7 30. Nf5 Bxf5 31. gxf5 f6 32. Kg2 Kg7 33. Kh3 Qd7 34. Kg4 Qb7 35.
Rxa8 Rxa8 36. Ra1 Bd8 37. Bd2 Bc7 38. Bc1 Na4 39. Qc2 Nb6 40. Qb2 Rxa1 41. Qxa1 Qa8 42. Qxa8 Nxa8 43. Bd2 Kf7 44. Kg3 Ke7 45. Kf2 Kd7 46.
Ke3 Kc8 47. Kd3 Kb7 48. Kc2 Nb6 49. Kb3 Nd7 50. Bc3 Nb8 51. Ka4 Nd7 52. Kb3 Nb6 53. Bd2 Nc8 54. Bc3 Ne7 55. Bd2 Nc8 56. Bf1 Nb6 57.
Bc3 Nd7 58. Bd2 Nf8 59. Bc3 Nh7 60. Bd2 Nf8 61. Bc3 Nd7 62. Bd2 Nb6 63. Bc3 Nd7 1/2-1/2

[Event "Early-Titled-Tuesday-Blitz-February-13-2024"]
[Site "Chess.com"]
[Date "2024.02.13"]
[Round "3"]
[White "kpio91"]
[Black "newyorkmouse"]
[Result "0-1"]
[WhiteElo "2892"]
[BlackElo "2666"]
[TimeControl "180+1"]
[EndTime "8:32:51 PST"]
[Termination "newyorkmouse won on time"]

1. e4 c6 2. d4 d5 3. exd5 cxd5 4. Bd3 Nc6 5. c3 Qc7 6. h3 g6 7. Nf3 Bf5 8. O-O Nf6 9. Re1 Bg7 10. Bf1 O-O 11. Na3 Ne4 12. Nc2 Rad8 13. Ne3 a6 14. Bd3 b5 15. a4 b4 16. Nxd5 Rxd5 17. Bxe4 Bxe4 18. Rxe4 bxc3 19. bxc3 Na5 20. Ba3 Qxc3 21. Bxe7 Rb8 22. Rc1 Qb3 23. Qe2 Qxa4 24. Qxa6 Qd7 25. Bc5 Nb3 26. Rb1 Qd8 27. Ba7 Rbb5 28. Qa4 Nxd4 29.
Rxb5 Nxb5 30. Be3 Bf8 31. Rc4 Qd6 32. g3 Nc7 33. Kg2 Ne6 34. Qa8 Rd1 35. Bh6 Qd3 36. g4 Qxc4 37. Bxf8 Nxf8 38. Qb8 Qe6 39. Ng5 Qd5+ 40.
Nf3 Rd3 41. Qf4 Qxf3+ 42. Qxf3 Rxf3 43. Kxf3 Kg7 44. h4 Kf6 45. Ke4 h6 46. f4 Ne6 47.
Ke3 Nc7 48. Ke4 Ke6 49. h5 gxh5 0-1

[Event "Early-Titled-Tuesday-Blitz-February-13-2024"]
[Site "Chess.com"]
[Date "2024.02.13"]
[Round "3"]
[White "Yaacovn"]
[Black "SharapovEvgeny"]
[Result "1-0"]
[WhiteElo "2932"]
[BlackElo "2535"]
[TimeControl "180+1"]
[EndTime "8:32:52 PST"]
[Termination "Yaacovn won by resignation"]

1. d4 Nf6 2. e3 e6 3. Bd3 c5 4. c3 Nc6 5. f4 d5 6. Nd2 Bd6 7. Nh3 O-O 8. O-O b6 9. Qe2 a5 10. e4 dxe4 11. Nxe4 Bb7 12. Nhg5 Nxe4 13. Qxe4 g6 14. Qf3 Qe7 15. Qh3 h5 16. dxc5 Bxc5+ 17. Be3 Rad8 18. Be4 Bxe3+ 19. Qxe3 Qc5 20. Qxc5 bxc5 21. Rad1 Rxd1 22. Rxd1 Rd8 23. Rxd8+ Nxd8 24. Kf2 Kf8 25. Ke3 Ke7 26. g3 Bc8 27. b3 f5 28. Ba8 Nf7 29. Nxf7 Kxf7 30. a3 Kf6 31. Bc6 e5 32. fxe5+ Kxe5 33. Be8 Kf6 34. h4 Be6 35. b4 cxb4 36. cxb4 axb4 37. axb4 Bd5 38. b5 Bb7 39. Bc6 Bc8 40. b6 g5 41. Be8 gxh4 42. gxh4 Ke5 43. Bxh5 f4+ 44. Kf2 Kd6 45. Bf3 Kc5 46. h5 Kxb6 47.
h6 Bf5 48. Bg4 Be4 49. Bf3 Bf5 50. Ba8 Kc5 51. Kf3 Kd6 52. Kxf4 Bh7 53. Be4 Bg8 54. Kg5 Ke7 55. Kg6 Kf8 56. Kf6 Ke8 57. Kg7 Ke7 58.
Kxg8 Kf6 59. h7 1-0

[Event "Early-Titled-Tuesday-Blitz-February-13-2024"]
[Site "Chess.com"]
[Date "2024.02.13"]
[Round "3"]
[White "abelmat"]
[Black "Kaua18"]
[Result "0-1"]
[WhiteElo "2086"]
[BlackElo "2547"]
[TimeControl "180+1"]
[EndTime "8:32:52 PST"]
[Termination "Kaua18 won by checkmate"]

1. d4 e6 2. c4 d5 3. Nf3 Nf6 4.
Nc3 Bd6 5. e3 O-O 6. Bd3 dxc4 7.
Bxc4 c5 8. O-O Nc6 9. a3 cxd4 10.
exd4 Ne7 11. Ne5 b6 12. Be3 Bb7 13. Rc1 Rc8 14. Bd3 Bb8 15. h3 Ned5 16. Ng4 Nxg4 17. Qxg4 f5 18. Qe2 Qd6 19. f4 Nxe3 20. Qxe3 Rcd8 21. Nb5 Qd5 22. Qe2 Rf6 23. Bc4 Qd7 24. Rcd1 Rg6 25. Rf2 h6 26. Nc3 Kh7 27. d5 exd5 28.
Bxd5 Rd6 29. Bxb7 Rxd1+ 30. Nxd1 Qxb7 31. Nc3 Rd4 32. Qc2 Qd7 33. g3 a6 34. Re2 b5 35.
Kh2 h5 36. h4 a5 37. Qb3 b4 38. axb4 axb4 39. Nb5 Rd2 40. Rxd2 Qxd2+ 41. Kh3 Qe2 42. Qf7 Qxb5 43. Qxh5+ Kg8 44. Qe8+ Qxe8 45. h5 Qe4 46. Kh4 Bc7 47. Kg5 Bd8+ 48. Kg6 Qe6# 0-1

[Event "Early-Titled-Tuesday-Blitz-February-13-2024"]
[Site "Chess.com"]
[Date "2024.02.13"]
[Round "3"]
[White "Hilary46"]
[Black "Actuary44"]
[Result "1/2-1/2"]
[WhiteElo "2657"]
[BlackElo "2486"]
[TimeControl "180+1"]
[EndTime "8:32:53 PST"]
[Termination "Game drawn by repetition"]

1. e4 b6 2. d4 Bb7 3. Bd3 e6 4. Nf3 Nf6 5. Qe2 d5 6. exd5 Nxd5 7. O-O Be7 8. c4 Nf6 9. Nc3 O-O 10. Bf4 Na6 11. Rad1 c6 12. a3 Nc7 13. h3 h6 14.
Ne5 Nce8 15. Rfe1 Nd6 16. c5 Nde8 17. b4 a5 18. Nc4 axb4 19. axb4 bxc5 20. dxc5 Nd5 21.
Nxd5 cxd5 22. Na5 Rxa5 23. bxa5 Qxa5 24. Rb1 Bc6 25. Bb5 Bxb5 26. Qxb5 Qc3 27. Rec1 Qd4 28. Bg3 e5 29. Rd1 Qe4 30. Re1 Qd4 31. Rbd1 Qxc5 32.
Qxc5 Bxc5 33. Rxd5 Bd4 34. Bxe5 Bxe5 35. Rdxe5 Nf6 36.
g4 Kh7 37. Kg2 Kg6 38. Rb5 Rc8 39. Reb1 Rc2 40. R1b2 Rc1 41. Rb6 h5 42. f3 hxg4 43. hxg4 Rc3 44. R2b5 Rc2+ 45. Kg3 Kh7 46. Rb7 Kg6 47.
Ra7 Rc3 48. Ra6 Kh7 49. Rb7 Ne4+ 50. Kf4 Nc5 51. Rc6 Nd3+ 52. Ke3 Rxc6 53. Kxd3 Kg6 54.
Ke4 Rf6 55. Rb5 Re6+ 56. Kf4 Rf6+ 57. Kg3 Ra6 58. Kh4 f6 59. f4 Ra1 60. f5+ Kh7 61. Rb7 Rh1+ 62. Kg3 Rg1+ 63. Kf3 Rf1+ 64. Ke4 Rg1 65. Kf4 Rf1+ 66. Kg3 Rg1+ 67. Kf3 Rf1+ 68. Kg2 Ra1 69. Kg3 Rg1+ 1/2-1/2

[Event "Early-Titled-Tuesday-Blitz-February-13-2024"]
[Site "Chess.com"]
[Date "2024.02.13"]
[Round "3"]
[White "akanga001"]
[Black "Nouali_Mohamed"]
[Result "0-1"]
[WhiteElo "2003"]
[BlackElo "2544"]
[TimeControl "180+1"]
[EndTime "8:32:53 PST"]
[Termination "Nouali_Mohamed won on time"]

1. d4 Nf6 2. c4 g6 3. Nc3 Bg7 4. e4 O-O 5. Nge2 c5 6. d5 d6 7. Ng3 a6 8. a4 e6 9. Be2 exd5 10.
cxd5 Re8 11. Bg5 h6 12. Be3 h5 13. Bg5 Qb6 14. Qd2 Nbd7 15. O-O Nh7 16. Bh6 h4 17. Bxg7 Kxg7 18. Nh1 Qb4 19. a5 Qd4 20. Qf4 Qf6 21. Qd2 Ng5 22. f3 Qd4+ 23. Qxd4+ cxd4 24. Na4 f5 25. Nf2 fxe4 26. fxe4 Nxe4 27. Nxe4 Rxe4 28. Bd3 Re3 29. Rad1 Ne5 30. Nb6 Bg4 31. Nxa8 Bxd1 32. Rxd1 Rxd3 33. Rxd3 Nxd3 34. b3 Nc1 35. Kf1 Nxb3 36.
Nb6 Nxa5 37. Ke2 Kf6 38. Kd3 Ke5 39. Nd7+ Kxd5 40. Nf6+ Ke6 41. Ng4 Nc6 42. Kc4 b5+ 43. Kb3 a5 44. Nf2 a4+ 45. Kc2 Kd5 46. Kd3 Nb4+ 47.
Kd2 Kc4 48. Kc1 Nd3+ 49. Nxd3 Kxd3 0-1